 Dungeon Crawl Stone Soup version 0.28-a0-872-g80cf8599ee (webtiles) character file.

Game seed: 12828885536661261811

81 sanka the Chopper (level 4, 0/37 HPs)
             Began as a Palentonga Abyssal Knight on Nov 20, 2021.
             Was a Believer of Lugonu.
             Slain by a gnoll (9 damage)
             ... on level 1 of the Dungeon.
             The game lasted 00:01:55 (2221 turns).

sanka the Chopper (Palentonga Abyssal Knight)       Turns: 2221, Time: 00:01:55

Health: 0/37       AC:  6    Str: 18    XL:     4   Next: 19%
Magic:  5/5        EV:  9    Int: 10    God:    Lugonu [**....]
Gold:   44         SH:  0    Dex: 10    Spells: 3/3 levels left

rFire   . . .      SeeInvis +   a - +1 hand axe
rCold   . . .      Faith    .   (no shield)
rNeg    . . .      Spirit   .   b - +0 leather armour
rPois   .          Reflect  .   h - +0 helmet
rElec   .          Harm     .   (no cloak)
rCorr   .          Rampage  .   e - +0 pair of gloves
Will    .....                   (no barding)
Stlth   +.........              (no amulet)
HPRegen 0.12/turn               (no ring)
MPRegen 0.09/turn               (no ring)

@: no status effects
A: large, rugged brown scales 3, see invisible, deformed body, roll 1, armoured
tail
a: Rolling Charge, Renounce Religion, Depart the Abyss, Bend Space


You were on level 1 of the Dungeon.
You worshipped Lugonu.
Lugonu was pleased with you.
You visited 1 branch of the dungeon, and saw 2 of its levels.
You visited the Abyss 1 time.

You collected 44 gold pieces.


Innate Abilities, Weirdness & Mutations

You are completely covered in rugged brown scales. (AC +3, +7% HP)
You have supernaturally acute eyesight. (SInv)
Armour fits poorly on your strangely shaped body.
You can roll at nearby foes to attack.
You have a long armoured tail.


   Skills:
 - Level 3.0 Fighting
 + Level 4.5 Axes
 - Level 1.5 Armour
 - Level 0.7 Dodging
 - Level 2.0 Invocations


You had 3 spell levels left.
You didn't know any spells.
Your spell library was empty.

Inventory:

Hand Weapons
 a - a +1 hand axe (weapon)
Missiles
 g - a throwing net {=f}
Armour
 b - a +0 leather armour (worn)
 e - a +0 pair of gloves (worn)
 h - a +0 helmet (worn)
Scrolls
 c - a scroll of enchant weapon {unknown}
 f - a scroll of identify {unknown}
Potions
 d - a potion of lignification {unknown}
 i - a potion of curing {unknown}
 j - a potion of might {unknown}

Dungeon Overview and Level Annotations

Branches:
Dungeon (2/15)

Altars:

▒▒▒ ▒.▒▒▒▒.......†....▒
▒ ▒.▒ ▒▒.▒▒.▒▒▒▒▒▒.▒
▒▒▒▒▒▒.▒ ▒.▒▒.▒ ▒.▒
.....▒.▒ ▒.▒▒.▒▒ ▒.▒
.......▒▒▒▒▒>▒.▒.▒▒ ▒.▒
▒▒▒▒.▒▒.......▒▒▒.▒▒▒▒.▒
▒.▒▒.▒▒▒▒.▒▒ ▒▒...▒.▒
▒▒▒.▒▒.▒ ▒..▒▒▒.▒▒.▒.▒
▒▒...▒▒.▒ ▒.▒.▒H).....▒
▒.....▒.▒ ▒.▒▒g▒▒▒▒.▒.▒
........▒ ▒.▒▒▒▒ ▒...▒
........▒ ▒.▒ ▒▒▒.▒
.......▒▒ ▒.▒ ▒.▒▒▒▒
▒.....▒▒▒▒▒▒.▒▒ ▒....▒
▒▒............▒ ▒.▒▒.▒
▒▒.▒▒▒▒▒▒▒▒..▒ ▒.▒▒.▒
▒.▒ ▒▒...▒▒▒▒▒▒▒▒.▒▒.▒


You could see a gnoll.


Message History

The gnoll hits you but does no damage.
You barely miss the gnoll.
The gnoll is heavily wounded.
The gnoll hits you with a +0 halberd!
* * * LOW HITPOINT WARNING * * *
You barely miss the gnoll.
The gnoll is heavily wounded.
The gnoll hits you with a +0 halberd.
* * * LOW HITPOINT WARNING * * *
You closely miss the gnoll.
The gnoll is heavily wounded.
The gnoll barely misses you.
You closely miss the gnoll.
The gnoll is heavily wounded.
The gnoll hits you with a +0 halberd.
* * * LOW HITPOINT WARNING * * *
You hit the gnoll but do no damage.
The gnoll is heavily wounded.
The gnoll closely misses you.
You hit the gnoll.
The gnoll is severely wounded.
The gnoll completely misses you.
You hit the gnoll but do no damage.
Your tail-slap misses the gnoll.
The gnoll is severely wounded.
The gnoll barely misses you.
You barely miss the gnoll.
The gnoll is severely wounded.
The gnoll hits you with a +0 halberd!
You die...

Action                   |  1- 3 |  4- 6 || total
-------------------------+-------+-------++-------
Melee: Hand axe          |    99 |    17 ||   116
       Tailslap          |    16 |     2 ||    18
Armor: Leather armour    |    45 |     3 ||    48
Dodge: Dodged            |    41 |     6 ||    47

Levels and vault maps discovered:
D:1:      saegor_arrival_simple_a, layout_loops_ring
D:2:      layout_loops_ring, nrook_mini_backslash, minmay_goblin_kobold_house,
          uniq_robin

Notes
Turn   | Place    | Note
-------+----------+-------------------------------------------
     0 | Abyss:1  | sanka the Palentonga Abyssal Knight began the quest for the
                  | Orb.
     0 | Abyss:1  | Reached XP level 1. HP: 19/19 MP: 2/2
    38 | Abyss:1  | Found a corrupted altar of Lugonu.
    48 | D:1      | Escaped the Abyss
   385 | D:1      | Reached XP level 2. HP: 4/25 MP: 3/3
   751 | D:1      | Reached skill level 3 in Axes
  1121 | D:2      | Noticed Robin
  1221 | D:1      | Killed Robin
  1222 | D:1      | Reached XP level 3. HP: 28/31 MP: 4/4
  1335 | D:2      | Reached ** piety under Lugonu
  1517 | D:2      | Reached skill level 4 in Axes
  2074 | D:1      | Reached XP level 4. HP: 37/37 MP: 5/5
  2221 | D:1      | Slain by a gnoll

Vanquished Creatures
  Robin (D:1)
  2 gnolls (D:1)
  An adder (D:2)
  A dart slug (D:1)
  A ball python (D:1)
  3 endoplasms
  4 giant cockroaches
  8 goblins
  9 hobgoblins
  A quokka (D:2)
  A bat (D:1)
  4 frilled lizards
  A rat (D:2)
37 creatures vanquished.
